[Event "Titled Tuesday Blitz May 30 Early 2023"]
[White "Winkels, Marcel"]
[Black "Clawitter, Craig"]
[WhiteFideId "1003887"]
[BlackFideId "2023105"]
[WhiteElo "1900"]
[BlackElo "2203"]
[Result "0-1"]
[Round "05"]
[TimeControl "180+2"]
[Date "2023.05.30"]
[WhiteClock "0:01:29"]
[BlackClock "0:01:01"]

1. e4 e6 2. d3 d5 3. Nd2 Nf6 4. Ngf3 Bc5 5. Be2 Nc6 6. e5 Nd7 7. d4 Nxd4 8. O-O Nxe2+ 9. Qxe2 O-O 10. Re1 b6 11. Nf1 a5 12. Ng3 Ba6 13. Qd1 f6 14. exf6 Qxf6 15. c3 Rae8 16. Bg5 Bxf2+ 17. Kxf2 Qxg5 18. Kg1 Qg6 19. Nd4 c5 20. Nxe6 Rxe6 21. Qxd5 Re8 22. Nf5 Qxf5 23. Qxf5 Rxe1+ 24. Rxe1 Rxe1+ 25. Kf2 Rf1+ 0-1


[Site "https://www.chess.com"]

[Event "Titled Tuesday Blitz May 30 Early 2023"]
[White "Dominguez Rincon, Miller Duvan"]
[Black "Ciuffoletti, Paolo"]
[WhiteFideId "4406583"]
[BlackFideId "807630"]
[WhiteElo "2013"]
[BlackElo "2143"]
[Result "1-0"]
[Round "05"]
[TimeControl "180+2"]
[Date "2023.05.30"]
[WhiteClock "0:01:02"]
[BlackClock "0:00:00"]

1. e4 c5 2. Nf3 Nc6 3. d4 cxd4 4. Nxd4 Nf6 5. Nc3 e5 6. Ndb5 d6 7. Nd5 Nxd5 8. exd5 Nb8 9. c4 Be7 10. Be2 O-O 11. O-O a6 12. Nc3 f5 13. f4 Bf6 14. Be3 exf4 15. Bxf4 Qb6+ 16. Kh1 Qxb2 17. Na4 Qxa1 18. Qxa1 Bxa1 19. Rxa1 Nd7 20. Bxd6 Re8 21. Bf3 b5 22. cxb5 axb5 23. Nc3 Ne5 24. Re1 b4 25. Nb5 Bd7 26. Nc7 Nxf3 27. Rxe8+ Bxe8 28. Nxa8 Ng5 29. Bxb4 Ne4 30. Nb6 Kf7 31. a4 Nf6 32. a5 Nd7 33. Nc8 1-0


[Site "https://www.chess.com"]

[Event "Titled Tuesday Blitz May 30 Early 2023"]
[White "Maluco_do_Natal_00"]
[Black "Kiseljova, Marya"]
[BlackFideId "4155009"]
[WhiteElo "2020"]
[BlackElo "1831"]
[Result "1-0"]
[Round "05"]
[TimeControl "180+2"]
[Date "2023.05.30"]
[WhiteClock "0:00:04"]
[BlackClock "0:00:00"]

1. e4 c5 2. Nf3 Nc6 3. d4 cxd4 4. Nxd4 Nf6 5. Nc3 e5 6. Ndb5 d6 7. Bg5 a6 8. Bxf6 gxf6 9. Na3 b5 10. Nd5 f5 11. c3 fxe4 12. Bxb5 axb5 13. Nxb5 Be6 14. Ndc7+ Kd7 15. Nxa8 Qxa8 16. a4 Be7 17. O-O Rg8 18. Qh5 Rg7 19. Rfe1 e3 20. Rxe3 Nd4 21. Rg3 Rxg3 22. hxg3 Nxb5 23. Qxh7 Nc7 24. a5 Na6 25. b4 Qd5 26. Qc2 Qc4 27. Qa4+ Kc7 28. Qa3 Bd7 29. Rd1 Bc6 30. Qb2 Qe4 31. f3 Qc4 32. Qd2 f5 33. Qd3 Bb5 34. Qxf5 Nb8 35. Qc2 1-0


[Site "https://www.chess.com"]

[Event "Titled Tuesday Blitz May 30 Early 2023"]
[White "Brown, Raehanna"]
[Black "Saim, Mohamed Ilias"]
[WhiteFideId "7402740"]
[BlackFideId "7900465"]
[WhiteElo "1655"]
[BlackElo "2063"]
[Result "1-0"]
[Round "05"]
[TimeControl "180+2"]
[Date "2023.05.30"]
[WhiteClock "0:01:12"]
[BlackClock "0:00:10"]

1. c4 Nf6 2. Nc3 c5 3. Nf3 b6 4. d4 cxd4 5. Nxd4 Bb7 6. f3 e6 7. e4 d6 8. Be2 Be7 9. O-O O-O 10. Be3 Nbd7 11. Qd2 Rc8 12. Rac1 Nc5 13. b4 Ncd7 14. Rfd1 Qc7 15. Ndb5 Qb8 16. Nxd6 Bxd6 17. Qxd6 Rfd8 18. Nb5 a6 19. Qxb8 Rxb8 20. Nd6 Ba8 21. c5 Ne5 22. Bxa6 bxc5 23. Bxc5 Nc6 24. b5 Ne5 25. Ba7 Nxf3+ 26. gxf3 1-0


[Site "https://www.chess.com"]

[Event "Titled Tuesday Blitz May 30 Early 2023"]
[White "Castillo Pena, Patricia Evarista"]
[Black "Guevara Sanchez, Erick Marvin"]
[WhiteFideId "6412106"]
[BlackFideId "6700136"]
[WhiteElo "1919"]
[BlackElo "2040"]
[Result "0-1"]
[Round "05"]
[TimeControl "180+2"]
[Date "2023.05.30"]
[WhiteClock "0:01:04"]
[BlackClock "0:00:18"]

1. d4 e6 2. Nf3 c5 3. e3 cxd4 4. exd4 Nc6 5. Bd3 Nf6 6. O-O h6 7. b3 Bd6 8. Bb2 O-O 9. Nbd2 Bc7 10. a3 b6 11. c4 Bb7 12. Rc1 d5 13. Ne5 Nxe5 14. dxe5 Nd7 15. Nf3 Nc5 16. Bb1 dxc4 17. bxc4 Qxd1 18. Rfxd1 Rfd8 19. Nd4 a6 20. Ne2 Rxd1+ 21. Rxd1 Kf8 22. Kf1 Ke7 23. f4 f6 24. exf6+ gxf6 25. Bd4 Rg8 26. g3 h5 27. Bxc5+ bxc5 28. Kf2 h4 29. Nc3 hxg3+ 30. hxg3 Rh8 31. Be4 Bc8 32. Kg2 f5 33. Bc6 Rg8 34. Kf3 Rg7 35. Rh1 Bd7 36. Bxd7 Kxd7 37. Rd1+ Kc6 38. Rb1 Ba5 39. Na4 Rd7 40. Rb2 Rd3+ 41. Kf2 Rxa3 0-1


[Site "https://www.chess.com"]

[Event "Titled Tuesday Blitz May 30 Early 2023"]
[White "Nihal Sarin"]
[Black "Deac, Bogdan-Daniel"]
[WhiteFideId "25092340"]
[BlackFideId "1226380"]
[WhiteElo "2689"]
[BlackElo "2649"]
[Result "1-0"]
[Round "06"]
[TimeControl "180+2"]
[Date "2023.05.30"]
[WhiteClock "0:00:05"]
[BlackClock "0:00:02"]

1. e4 e5 2. Nf3 Nf6 3. Nxe5 d6 4. Nf3 Nxe4 5. d4 d5 6. Bd3 Nc6 7. O-O Be7 8. Nbd2 Nxd2 9. Bxd2 Bg4 10. c3 Qd7 11. Re1 O-O 12. h3 Bf5 13. Bxf5 Qxf5 14. Qb3 Rab8 15. Ne5 Bd6 16. Ng4 Ne7 17. Ne3 Qf4 18. g3 Qf3 19. c4 dxc4 20. Nxc4 Qxb3 21. axb3 Nf5 22. Re4 a6 23. Ra5 g6 24. g4 Ng7 25. Nxd6 cxd6 26. d5 Rbd8 27. Re7 Rb8 28. Bf4 Rfd8 29. Ra4 Ne8 30. Bg5 f6 31. Bh6 Rdc8 32. Rae4 Rd8 33. R4e6 b5 34. b4 Rbc8 35. Kg2 Rb8 36. Re3 Rbc8 37. h4 Rb8 38. Rc3 Rbc8 39. Rce3 Rb8 40. h5 g5 41. f4 gxf4 42. Bxf4 Rbc8 43. Bh6 Rc2+ 44. Kf3 Rcc8 45. Kf4 Rc4+ 46. Kf5 Nc7 47. Rg7+ Kh8 48. Ree7 Ne8 49. Rxh7+ Kg8 50. Rhf7 Nc7 51. Rg7+ 1-0


[Site "https://www.chess.com"]

[Event "Titled Tuesday Blitz May 30 Early 2023"]
[White "Le, Tuan Minh"]
[Black "Babazada, Khazar"]
[WhiteFideId "12401153"]
[BlackFideId "13413554"]
[WhiteElo "2566"]
[BlackElo "2351"]
[Result "1-0"]
[Round "06"]
[TimeControl "180+2"]
[Date "2023.05.30"]
[WhiteClock "0:00:07"]
[BlackClock "0:00:04"]

1. d4 Nf6 2. Nf3 b6 3. c4 e6 4. a3 Bb7 5. Nc3 d5 6. Bg5 Be7 7. Qa4+ c6 8. cxd5 exd5 9. g3 O-O 10. Bg2 Nbd7 11. O-O Re8 12. Rac1 a5 13. Rfd1 Bd6 14. e3 h6 15. Bxf6 Nxf6 16. Ne2 Qe7 17. Nf4 Ne4 18. Nd3 c5 19. Re1 Rec8 20. Nf4 Bc6 21. Qd1 c4 22. Nh4 Qf6 23. f3 Ng5 24. Nh5 Qd8 25. e4 dxe4 26. fxe4 g6 27. e5 Be7 28. d5 Bb7 29. d6 Bxg2 30. dxe7 Qxd1 31. Nf6+ Kg7 32. Rexd1 Bc6 33. Rd6 Bb5 34. Kf2 Ra7 35. Nf3 Rxe7 36. Nxg5 hxg5 37. Re1 Rc5 38. Nd5 Re6 39. Rxe6 fxe6 40. Nxb6 Bc6 41. Rc1 Bd5 42. Na4 Rb5 43. Ke3 Rb3+ 44. Rc3 Rb8 45. Kd4 Rh8 46. Rc2 g4 47. Nc3 Bf3 48. Kxc4 Rh5 49. b4 axb4 50. axb4 Rxe5 51. b5 Kf6 52. Rb2 Ke7 53. b6 Bb7 54. Ra2 Kd6 55. Rf2 Kc6 56. Rf6 Kxb6 57. Rxg6 Bf3 58. Kd4 Rh5 59. Rxe6+ Kc7 60. Rf6 Rxh2 61. Nb5+ Kd7 62. Ke3 Re2+ 63. Kf4 Re4+ 64. Kf5 Rb4 65. Nd6 Ke7 66. Nf7 Rb5+ 67. Ne5 Rb3 68. Ra6 Be2 69. Ra7+ Ke8 70. Ke6 Rb6+ 71. Kf5 Rb3 72. Kf6 Rb6+ 73. Kg5 Rb3 74. Kf4 Bd1 75. Ng6 Rb4+ 76. Kg5 Rb5+ 77. Kh4 Bf3 78. Nf4 Kd8 79. Nh5 Kc8 80. Rg7 Rb1 81. Nf6 Rh1+ 82. Kg5 Rg1 83. Kf4 Rf1 84. Ke5 Re1+ 85. Kf5 Bd1 86. Nxg4 Bxg4+ 87. Kxg4 Kd8 88. Rf7 Ke8 89. Rf2 Re7 90. Kh5 Rh7+ 91. Kg6 Ra7 92. g4 Ra6+ 93. Kh5 Ra5+ 94. g5 Ra1 95. Kh6 Rh1+ 96. Kg7 Rg1 97. g6 Ke7 98. Kh7 Rh1+ 99. Kg8 Rf1 100. Rxf1 1-0


[Site "https://www.chess.com"]

[Event "Titled Tuesday Blitz May 30 Early 2023"]
[White "Duda, Jan-Krzysztof"]
[Black "Sjugirov, Sanan"]
[WhiteFideId "1170546"]
[BlackFideId "4189302"]
[WhiteElo "2790"]
[BlackElo "2569"]
[Result "1/2-1/2"]
[Round "06"]
[TimeControl "180+2"]
[Date "2023.05.30"]
[WhiteClock "0:00:08"]
[BlackClock "0:00:05"]

1. e4 e5 2. Nf3 Nc6 3. Bb5 a6 4. Ba4 Nf6 5. O-O Be7 6. Re1 b5 7. Bb3 O-O 8. d3 d6 9. a3 Be6 10. Bxe6 fxe6 11. Nbd2 Qe8 12. Nf1 Nh5 13. Ng3 Nf4 14. a4 b4 15. c3 bxc3 16. bxc3 Rb8 17. d4 exd4 18. cxd4 Nb4 19. Bxf4 Rxf4 20. Re3 a5 21. Rc1 c6 22. Ne1 Rf8 23. Rb3 Qf7 24. Rf3 Qg6 25. Nd3 Rxf3 26. Qxf3 Qg5 27. Rd1 Qf6 28. Qe3 Nc2 29. Qd2 Nxd4 30. e5 dxe5 31. Qxa5 Rd8 32. Qe1 Nc2 33. Qc3 e4 34. Nxe4 Qxc3 35. Nxc3 Rd4 36. Nb2 Rxd1+ 37. Nbxd1 Bb4 38. Kf1 Nd4 39. Ne2 Nb3 40. Ne3 Nc5 41. Nc2 Ba5 42. Ned4 Nxa4 43. Nxc6 Bc7 44. N2d4 Kf7 45. g3 Nc5 46. Ke2 h6 47. Nb5 Bb6 48. Nd6+ Kg6 49. Ne5+ Kh7 50. Ndc4 Bc7 51. Nc6 Kg6 52. Kf3 Kf6 53. Nb4 Nd7 54. Nd3 Nf8 55. Ke4 g5 56. Nc5 Ke7 57. Ne5 Bxe5 58. Kxe5 Ng6+ 59. Kd4 Kf6 60. Ke4 Ke7 61. Nd3 Kf6 62. f3 Ne7 63. Ne5 Nf5 64. Ng4+ Kg6 65. Ke5 h5 66. Nf2 Kf7 67. Ne4 Kg6 68. g4 hxg4 69. fxg4 Ne3 70. h3 Nc4+ 71. Kxe6 Ne3 72. Ke5 Ng2 73. Nf2 Nf4 74. h4 Ng2 75. h5+ Kh6 76. Nh3 Ne3 77. Nf2 Nxg4+ 78. Nxg4+ Kxh5 79. Kf5 Kh4 80. Nf6 Kg3 81. Ng4 Kf3 82. Nf6 g4 83. Nxg4 1/2-1/2


[Site "https://www.chess.com"]

[Event "Titled Tuesday Blitz May 30 Early 2023"]
[White "Kramnik, Vladimir"]
[Black "Durarbayli, Vasif"]
[WhiteFideId "4101588"]
[BlackFideId "13402935"]
[WhiteElo "2703"]
[BlackElo "2551"]
[Result "1/2-1/2"]
[Round "06"]
[TimeControl "180+2"]
[Date "2023.05.30"]
[WhiteClock "0:00:03"]
[BlackClock "0:00:04"]

1. e4 c5 2. Nf3 d6 3. d4 cxd4 4. Nxd4 Nf6 5. Nc3 Nc6 6. Bg5 Qb6 7. Be3 Ng4 8. Nd5 Nxe3 9. fxe3 Qxb2 10. Bb5 Bd7 11. Bxc6 bxc6 12. Nc7+ Kd8 13. Nxa8 Qc3+ 14. Kf2 c5 15. Rb1 cxd4 16. Rb8+ Bc8 17. Qxd4 Qxc2+ 18. Kf3 h5 19. Qxa7 Rh6 20. Qa5+ Ke8 21. Qb5+ Kd8 22. Qb6+ Kd7 23. Qb5+ Kd8 24. Qa5+ Ke8 25. Qb5+ Kd8 1/2-1/2


[Site "https://www.chess.com"]

[Event "Titled Tuesday Blitz May 30 Early 2023"]
[White "Pranav, V"]
[Black "Naroditsky, Daniel"]
[WhiteFideId "25060783"]
[BlackFideId "2026961"]
[WhiteElo "2515"]
[BlackElo "2633"]
[Result "0-1"]
[Round "06"]
[TimeControl "180+2"]
[Date "2023.05.30"]
[WhiteClock "0:00:00"]
[BlackClock "0:00:05"]

1. e4 c5 2. Nf3 d6 3. d4 cxd4 4. Nxd4 Nf6 5. Nc3 a6 6. Bg5 e6 7. f4 Be7 8. Qe2 h6 9. Bxf6 Bxf6 10. O-O-O Qc7 11. g4 Nc6 12. Nf5 exf5 13. Nd5 Qa5 14. exf5+ Kf8 15. a3 Bd7 16. Bg2 Re8 17. Qd3 Bd4 18. c3 Ba7 19. h4 Qb5 20. Qxb5 axb5 21. h5 Bb8 22. Rhe1 Rxe1 23. Rxe1 f6 24. Nb6 Be8 25. Bd5 Bc7 26. Na8 Bd8 27. Be6 Nb8 28. b4 Na6 29. Bc8 Bc6 30. c4 bxc4 31. Kc2 d5 32. Kc3 Nc7 33. Nxc7 Bxc7 34. Kd4 Bb6+ 35. Kc3 Bc7 36. Kd4 Bxf4 37. Kc5 c3 38. b5 Be8 39. Re2 Bd2 40. Kd4 c2 0-1


[Site "https://www.chess.com"]

[Event "Titled Tuesday Blitz May 30 Early 2023"]
[White "Pranesh M"]
[Black "Nepomniachtchi, Ian"]
[WhiteFideId "35028600"]
[BlackFideId "4168119"]
[WhiteElo "2437"]
[BlackElo "2781"]
[Result "0-1"]
[Round "06"]
[TimeControl "180+2"]
[Date "2023.05.30"]
[WhiteClock "0:00:11"]
[BlackClock "0:00:30"]

1. e4 c5 2. Nf3 Nc6 3. d4 cxd4 4. Nxd4 Nf6 5. Nc3 e5 6. Ndb5 d6 7. Nd5 Nxd5 8. exd5 Nb8 9. c4 Be7 10. Be2 O-O 11. O-O Nd7 12. Be3 a6 13. Nc3 f5 14. f3 b6 15. a4 a5 16. Nb5 Ba6 17. Ra3 Bxb5 18. cxb5 Nc5 19. Bxc5 dxc5 20. d6 Qxd6 21. Bc4+ Kh8 22. Qxd6 Bxd6 23. Rd3 Be7 24. Rd7 Bf6 25. Rd6 Rab8 26. Re1 Rfd8 27. Red1 Rxd6 28. Rxd6 e4 29. b3 h5 30. Be6 g6 31. Rc6 Bd4+ 32. Kf1 Kg7 33. f4 h4 34. Rc8 Rb7 35. Rg8+ Kf6 36. Bc4 Bc3 37. Rd8 Kg7 38. Rg8+ Kh6 39. Rd8 Bd4 40. Rd6 h3 41. gxh3 Be3 42. Bd5 Bxf4 43. Rd8 Rb8 44. Rd7 Bxh2 45. Kg2 Bf4 46. Bf7 Kg5 47. Bd5 Be5 48. Re7 Kf4 49. Rg7 Rd8 50. Bc4 Rd2+ 51. Kf1 Ke3 52. Rxg6 f4 53. Re6 f3 54. Kg1 Bh2+ 55. Kh1 Bg3 56. Kg1 Rd1+ 57. Bf1 Bf2+ 58. Kh2 Rxf1 59. h4 Bxh4 60. Kh3 Rh1+ 61. Kg4 f2 62. Kf5 f1=Q+ 63. Ke5 Qd3 64. Kf5 Qd5+ 65. Re5 Rf1+ 66. Kg4 Qxe5 67. b4 Qg5+ 68. Kh3 Qg3# 0-1


[Site "https://www.chess.com"]

[Event "Titled Tuesday Blitz May 30 Early 2023"]
[White "Bluebaum, Matthias"]
[Black "Bjerre, Jonas Buhl"]
[WhiteFideId "24651516"]
[BlackFideId "1444948"]
[WhiteElo "2639"]
[BlackElo "2525"]
[Result "1/2-1/2"]
[Round "06"]
[TimeControl "180+2"]
[Date "2023.05.30"]
[WhiteClock "0:00:09"]
[BlackClock "0:00:16"]

1. d4 Nf6 2. c4 e6 3. Nc3 Bb4 4. e3 O-O 5. Bd2 c5 6. a3 Bxc3 7. Bxc3 Ne4 8. Ne2 b6 9. d5 Ba6 10. Qd3 exd5 11. Qxd5 Nxc3 12. Nxc3 Nc6 13. Be2 Qe7 14. O-O Qe6 15. Rfd1 Rad8 16. Rab1 Na5 17. b4 cxb4 18. axb4 Qxd5 19. Rxd5 Bxc4 20. bxa5 Bxd5 21. Nxd5 bxa5 22. Ra1 Rb8 23. g3 Rb2 24. Bf1 Rfb8 25. Rxa5 R8b7 26. Ba6 Rb8 27. h4 h5 28. Nf4 g6 29. Bc4 Kg7 30. Rxa7 Rd2 31. Bd3 Rbb2 32. Rxd7 Rxf2 33. Bxg6 Rxf4 34. gxf4 Kxg6 35. e4 Re2 36. Re7 Kf6 37. Re8 Kg7 38. Re5 f6 39. Re7+ Kf8 40. Re6 Kg7 41. f5 Kf7 42. Kh1 Rf2 43. Kg1 Re2 44. Kh1 Rf2 45. Ra6 Rf4 46. Ra7+ Kf8 47. Ra4 Rxh4+ 48. Kg2 Rg4+ 49. Kf3 Rg1 50. Ra7 Rf1+ 51. Ke2 Rf4 52. Ke3 Rf1 53. Rh7 Rh1 54. Kd4 Kg8 55. Ra7 Rd1+ 56. Ke3 Re1+ 57. Kf3 Rf1+ 58. Ke2 Rh1 59. Kf2 h4 60. Ra3 Kf7 61. Kg2 Re1 62. Ra7+ Kf8 63. Ra4 Re3 64. Kf2 Rd3 65. Kg2 h3+ 66. Kh2 Re3 67. Rb4 Kf7 68. Rb7+ Kf8 69. Rb4 Kf7 70. Rb7+ Kf8 71. Rb4 1/2-1/2


[Site "https://www.chess.com"]

[Event "Titled Tuesday Blitz May 30 Early 2023"]
[White "Dubov, Daniil"]
[Black "splendidkid"]
[WhiteFideId "24126055"]
[WhiteElo "2793"]
[BlackElo "2769"]
[Result "1-0"]
[Round "06"]
[TimeControl "180+2"]
[Date "2023.05.30"]
[WhiteClock "0:00:03"]
[BlackClock "0:00:00"]

1. c4 Nf6 2. g3 g6 3. Bg2 Bg7 4. Nc3 O-O 5. d4 d6 6. e3 Nbd7 7. Nge2 e5 8. O-O c6 9. Qc2 exd4 10. exd4 Nb6 11. b3 Bf5 12. Qd2 d5 13. c5 Nbd7 14. Bb2 h5 15. b4 Qc7 16. Rae1 b6 17. a3 a5 18. Rc1 axb4 19. axb4 bxc5 20. dxc5 Ne5 21. Qf4 Nfg4 22. h3 Nh6 23. Nd4 Qb7 24. Nxc6 Nxc6 25. b5 Ne7 26. Nxd5 Nxd5 27. Bxg7 Kxg7 28. Qd4+ Kh7 29. Bxd5 Qd7 30. c6 Qd6 31. c7 Rac8 32. b6 Be6 33. Bxe6 Qxd4 34. Bxc8 Qxb6 35. Bd7 h4 36. g4 Qd4 37. Rfd1 Qf4 38. c8=Q Rxc8 39. Bxc8 Kg7 40. Rc3 Ng8 41. Bb7 Nf6 42. Bf3 Qb4 43. Rdc1 Nd7 44. Kg2 Ne5 45. Re3 Qf4 46. Rce1 f6 47. R1e2 g5 48. Re1 Qd4 49. Rd1 Qc5 50. Rd5 Qc7 51. Be4 Kh6 52. Rb3 Nc4 53. Rf3 Kg7 54. Rc3 1-0


[Site "https://www.chess.com"]

[Event "Titled Tuesday Blitz May 30 Early 2023"]
[White "Quintiliano Pinto, Renato R."]
[Black "Martinez Alcantara, Jose Eduardo"]
[WhiteFideId "2117568"]
[BlackFideId "3805662"]
[WhiteElo "2459"]
[BlackElo "2711"]
[Result "0-1"]
[Round "06"]
[TimeControl "180+2"]
[Date "2023.05.30"]
[WhiteClock "0:00:11"]
[BlackClock "0:01:16"]

1. Nf3 c5 2. e4 Nc6 3. d4 cxd4 4. Nxd4 d6 5. c4 Nf6 6. Nc3 e6 7. Be2 Bd7 8. O-O Be7 9. Be3 O-O 10. Ndb5 Qb8 11. Rc1 a6 12. Nd4 Nxd4 13. Bxd4 Bc6 14. Bd3 b6 15. Re1 Nd7 16. b3 Re8 17. a4 Bf8 18. Bf1 Qc7 19. f3 Rad8 20. Qd2 Qb8 21. Qa2 h6 22. Rb1 Bb7 23. a5 bxa5 24. Qxa5 Rc8 25. Bf2 Ne5 26. Red1 Be7 27. Na4 Nc6 28. Qd2 a5 29. Nc3 Nb4 30. Nb5 d5 31. exd5 exd5 32. Ra1 Bg5 33. Qb2 Bf4 34. h3 Be5 35. Bd4 Bxd4+ 36. Rxd4 Re3 37. Rxa5 Nc6 38. Qd2 Rxb3 39. cxd5 Nxa5 40. Qxa5 Qe5 41. Re4 Qxd5 42. Nd6 Qxa5 0-1


[Site "https://www.chess.com"]

[Event "Titled Tuesday Blitz May 30 Early 2023"]
[White "Herrera Reyes, Jose Antonio"]
[Black "Lazavik, Denis"]
[WhiteFideId "2274914"]
[BlackFideId "13515110"]
[WhiteElo "2272"]
[BlackElo "2560"]
[Result "0-1"]
[Round "06"]
[TimeControl "180+2"]
[Date "2023.05.30"]
[WhiteClock "0:00:35"]
[BlackClock "0:01:43"]

1. Nf3 d5 2. g3 g6 3. Bg2 Bg7 4. d3 e5 5. h4 h6 6. Nc3 d4 7. Nb1 c5 8. O-O Nc6 9. e3 Nge7 10. exd4 cxd4 11. Re1 O-O 12. c3 Bg4 13. Qb3 dxc3 14. Nxc3 Qxd3 15. Be3 Be6 16. Qa3 Rfd8 17. Rad1 Qf5 18. Nb5 Nd5 19. Nd6 Rxd6 20. Qxd6 Bf8 21. Qxd5 Bxd5 22. Rxd5 Qe6 23. Red1 e4 24. Ne1 Re8 25. a3 Bg7 26. b4 Qg4 27. Rd7 Ne5 28. Rd8 Rxd8 29. Rxd8+ Kh7 30. Rb8 Qe2 31. Bxe4 Qxe1+ 32. Kg2 Ng4 33. Kf3 Nxe3 34. fxe3 Qf1+ 35. Kg4 f5+ 0-1


[Site "https://www.chess.com"]

[Event "Titled Tuesday Blitz May 30 Early 2023"]
[White "Hasangatin, Ramil"]
[Black "Svane, Rasmus"]
[WhiteFideId "4122160"]
[BlackFideId "4657101"]
[WhiteElo "2279"]
[BlackElo "2601"]
[Result "1-0"]
[Round "06"]
[TimeControl "180+2"]
[Date "2023.05.30"]
[WhiteClock "0:00:09"]
[BlackClock "0:00:06"]

1. e4 c6 2. Nf3 d5 3. d3 Bg4 4. h3 Bh5 5. Qe2 e6 6. g3 Bd6 7. Bg2 Ne7 8. O-O Nd7 9. Re1 O-O 10. Nbd2 e5 11. Nf1 f6 12. Bd2 Qc7 13. Rad1 Rae8 14. Bc1 f5 15. exf5 Nxf5 16. g4 Nd4 17. Nxd4 exd4 18. Qd2 Bf4 19. Qb4 Rxe1 20. Rxe1 Bxc1 21. Rxc1 Qf4 22. Qd2 Bg6 23. Qxf4 Rxf4 24. Re1 h5 25. f3 h4 26. Re7 Rf7 27. Rxf7 Bxf7 28. f4 g5 29. fxg5 Kg7 30. Nd2 Ne5 31. Nb3 Kg6 32. Nxd4 Kxg5 33. Kf2 Be8 34. Ne6+ Kf6 35. Nf4 Ng6 36. Ke3 Ne5 37. b4 b6 38. b5 cxb5 39. Nxd5+ Kg5 40. Nc7 Bd7 41. Bd5 a5 42. Be6 Bc6 43. Bd5 Bd7 44. c3 Ng6 45. Bg2 Nf4 46. Bf1 Bc6 47. d4 Bg2 48. Bxg2 Nxg2+ 49. Kf3 Nf4 50. d5 Nxh3 51. d6 Kf6 52. Nxb5 Ng5+ 53. Kg2 Ke6 54. a4 Ne4 55. Kh3 Nxd6 56. Nxd6 Kxd6 57. c4 Kc5 58. g5 Kb4 59. g6 Kxa4 60. g7 Kb4 61. g8=Q a4 62. Qd5 a3 63. Qb5+ Kc3 64. Qxb6 a2 65. Qa5+ Kb3 66. Qxa2+ Kxa2 67. c5 1-0


[Site "https://www.chess.com"]

[Event "Titled Tuesday Blitz May 30 Early 2023"]
[White "Lenderman, Aleksandr"]
[Black "Sieciechowicz, Marcin"]
[WhiteFideId "2021285"]
[BlackFideId "1130170"]
[WhiteElo "2607"]
[BlackElo "2302"]
[Result "1-0"]
[Round "06"]
[TimeControl "180+2"]
[Date "2023.05.30"]
[WhiteClock "0:01:01"]
[BlackClock "0:00:08"]

1. Nf3 Nf6 2. c4 c6 3. Nc3 d5 4. e3 e6 5. b3 Nbd7 6. Bb2 Bd6 7. d4 Qe7 8. Bd3 O-O 9. h3 b6 10. O-O Bb7 11. Re1 Rfe8 12. e4 dxe4 13. Nxe4 Nxe4 14. Bxe4 Bb4 15. Re2 Nf6 16. Bd3 c5 17. d5 Qd8 18. dxe6 Rxe6 19. Rxe6 fxe6 20. Ng5 Qd7 21. Bxh7+ Kh8 22. Qxd7 Nxd7 23. Be4 Bxe4 24. Nxe4 Rf8 25. a3 Ba5 26. Rd1 Nf6 27. Bxf6 gxf6 28. Rd7 a6 29. Ra7 f5 30. Ng5 Bc3 31. Nxe6 Re8 32. Nf4 Re1+ 33. Kh2 Be5 34. g3 Bxf4 35. gxf4 Rb1 36. Rxa6 Rxb3 37. Kg2 Kg8 38. f3 Kg7 39. Kg3 Kg6 40. a4 Kh5 41. a5 b5 42. Rf6 bxc4 43. Rxf5+ Kg6 44. Rxc5 c3 45. Kg4 Ra3 46. h4 Kf6 47. h5 Kg7 48. Kg5 c2 49. Rc7+ Kf8 50. Rxc2 Rxa5+ 51. f5 Ra6 52. Rc8+ Kf7 53. Rc7+ Kg8 54. f6 Ra1 55. h6 Rg1+ 56. Kf5 Rh1 57. Rg7+ Kh8 58. Rg5 Ra1 59. f7 Ra8 60. Rg8+ 1-0


[Site "https://www.chess.com"]

[Event "Titled Tuesday Blitz May 30 Early 2023"]
[White "Narayanan, Srinath"]
[Black "Seo, Jung Min"]
[WhiteFideId "5018420"]
[BlackFideId "1734687"]
[WhiteElo "2438"]
[BlackElo "2468"]
[Result "1-0"]
[Round "06"]
[TimeControl "180+2"]
[Date "2023.05.30"]
[WhiteClock "0:01:13"]
[BlackClock "0:00:00"]

1. Nf3 Nf6 2. c4 e6 3. d4 d5 4. g3 Bb4+ 5. Nbd2 dxc4 6. Bg2 b5 7. O-O O-O 8. Ne5 Nd5 9. a4 c6 10. Ne4 f6 11. Nf3 Nd7 12. b3 c3 13. Qd3 a5 14. axb5 cxb5 15. Qxb5 Ba6 16. Qc6 Qe7 17. Bh3 Rfe8 18. Re1 N5b6 19. Nc5 Nxc5 20. dxc5 Qxc5 21. Qxc5 Bxc5 22. Rxa5 Bb4 23. Ra1 c2 24. Bd2 Bxd2 25. Nxd2 Rad8 26. Ne4 Bb5 27. Rac1 Rd1 28. Rexd1 cxd1=Q+ 29. Rxd1 Bxe2 30. Rd6 Bf3 31. Nd2 Nc8 32. Rxe6 1-0


[Site "https://www.chess.com"]

[Event "Titled Tuesday Blitz May 30 Early 2023"]
[White "Jaracz, Pawel"]
[Black "Terry, Renato"]
[WhiteFideId "1102222"]
[BlackFideId "3803457"]
[WhiteElo "2438"]
[BlackElo "2575"]
[Result "0-1"]
[Round "06"]
[TimeControl "180+2"]
[Date "2023.05.30"]
[WhiteClock "0:00:07"]
[BlackClock "0:00:04"]

1. e4 e6 2. d4 d5 3. Nd2 Be7 4. Bb5+ c6 5. Ba4 dxe4 6. Nxe4 Qa5+ 7. c3 Nf6 8. Nxf6+ gxf6 9. Nf3 Rg8 10. O-O Nd7 11. Bc2 Qh5 12. Bf4 Nb6 13. Bg3 Bd7 14. a4 a5 15. Qd3 Rg7 16. Nd2 Nd5 17. f4 Kf8 18. Ne4 Kg8 19. Rae1 Kh8 20. Nc5 Bc8 21. Bd1 Qh6 22. Bb3 b6 23. Ne4 Bd7 24. c4 Nb4 25. Qf3 Rag8 26. f5 exf5 27. Nc3 Bf8 28. Re2 Rg4 29. Bf4 Qh4 30. h3 R4g6 31. Kh2 Bh6 32. Bxh6 Qxh6 33. c5 bxc5 34. dxc5 Be6 35. Bxe6 fxe6 36. Rxe6 Rxg2+ 37. Qxg2 Rxg2+ 38. Kxg2 Nd3 39. Re8+ Kg7 40. Kh2 Kf7 41. Re2 Nf4 42. Re3 Ne6 43. Ref3 Ng5 44. Rd3 Kg6 45. Ne2 Qh4 46. Nf4+ Kh6 47. Rd6 Ne4 48. Rd3 Ng5 49. Rg3 Ne4 50. Rgf3 Ng5 51. Rg3 Kg7 52. Re1 Kf7 53. Rd1 Ne4 54. Rd7+ Ke8 55. Rgg7 Qxf4+ 56. Kg2 Qf2+ 57. Kh1 Ng3+ 58. Rxg3 Qxg3 59. Rd2 f4 60. Re2+ Kf7 61. Rg2 Qxh3+ 0-1


[Site "https://www.chess.com"]

[Event "Titled Tuesday Blitz May 30 Early 2023"]
[White "Kuzubov, Yuriy"]
[Black "Halkias, Stelios"]
[WhiteFideId "14112906"]
[BlackFideId "4201809"]
[WhiteElo "2496"]
[BlackElo "2451"]
[Result "1/2-1/2"]
[Round "06"]
[TimeControl "180+2"]
[Date "2023.05.30"]
[WhiteClock "0:00:36"]
[BlackClock "0:00:08"]

1. d4 Nf6 2. Nf3 g6 3. Nbd2 d5 4. b4 Bg7 5. Bb2 O-O 6. e3 c6 7. c4 a5 8. b5 Bf5 9. Be2 a4 10. Rc1 dxc4 11. bxc6 Nxc6 12. Nxc4 b5 13. Na3 Nb4 14. Bxb5 Nxa2 15. Rc4 Qa5+ 16. Qd2 Rfb8 17. Qxa5 Rxa5 18. O-O Raxb5 19. Nxb5 Rxb5 20. Ba3 Bf8 21. Rxa4 Nc3 22. Ra7 Nfd5 23. h3 Bd3 24. Ra1 f6 25. Nh2 Ne4 26. f3 Nec3 27. e4 Nf4 28. Bxe7 Rb2 29. Ra8 Rxg2+ 30. Kh1 Nce2 31. Nf1 Rg1+ 32. Kh2 Rg2+ 33. Kh1 Rg1+ 34. Kh2 Rg2+ 35. Kh1 1/2-1/2


[Site "https://www.chess.com"]

[Event "Titled Tuesday Blitz May 30 Early 2023"]
[White "Matinian, Nikita"]
[Black "Ibarra Jerez, Jose Carlos"]
[WhiteFideId "24129100"]
[BlackFideId "2226332"]
[WhiteElo "2422"]
[BlackElo "2638"]
[Result "0-1"]
[Round "06"]
[TimeControl "180+2"]
[Date "2023.05.30"]
[WhiteClock "0:00:00"]
[BlackClock "0:00:04"]

1. e4 Nc6 2. Nc3 d6 3. d4 Nf6 4. Nf3 g6 5. d5 Nb8 6. Bf4 Bg7 7. Qd2 c6 8. O-O-O Qb6 9. Bc4 Nxe4 10. Qe1 Nxc3 11. bxc3 Qc5 12. Qe2 Bxc3 13. Kb1 O-O 14. Bb3 Bg7 15. Be3 Qc3 16. Bd4 Bxd4 17. Rxd4 cxd5 18. Rh4 Nc6 19. Ng5 h5 20. Rd1 Qf6 21. f4 Bg4 22. Rxg4 hxg4 23. Qxg4 e6 24. Qh4 Qh8 25. Qg3 Nd4 26. Rxd4 Qxd4 27. f5 exf5 28. Qh3 Qh8 29. Qg3 Qe5 30. Qh3 Kg7 31. Qh7+ Kf6 32. Qh4 Ke7 33. Ne4+ Kd7 34. Nf6+ Kc7 35. Nxd5+ Kb8 36. Qc4 Rc8 37. Qb5 a6 38. Qd7 Qe6 39. Qa4 Qe1+ 40. Kb2 Qe5+ 41. Kb1 Ka7 42. Qb4 Rab8 43. Qb6+ Ka8 44. a4 Qe1+ 45. Kb2 Qe5+ 46. Kb1 Rc6 47. Qb4 Qe8 48. a5 Qd8 49. Nb6+ Rxb6 50. axb6 Rc8 51. Bd5 Kb8 52. Qa5 Rc5 53. Qa2 Qxb6+ 54. Bb3 Ra5 55. Qb2 Qg1+ 0-1


[Site "https://www.chess.com"]